 Dungeon Crawl Stone Soup version 0.23-a0-484-g29ba69c (webtiles) character file.

167 XanderDroid the Sneak (level 5, -3/43 HPs)
             Began as a Gnoll Wanderer on Nov 30, 2018.
             Slain by Robin
             ... wielding a +3 trident of pain
              (8 damage)
             ... on level 3 of the Dungeon.
             The game lasted 00:08:28 (2616 turns).

XanderDroid the Sneak (Gnoll Wanderer)              Turns: 2616, Time: 00:08:29

Health: -3/43      AC:  7    Str: 15    XL:     5   Next: 48%
Magic:  7/7        EV: 10    Int: 14    God:
Gold:   72         SH:  0    Dex: 15    Spells: 6/6 levels left

rFire    . . .     SeeInvis .   a - +0 quarterstaff
rCold    . . .     Gourm    .   (shield currently unavailable)
rNeg     . . .     Faith    .   d - +0 scale mail
rPois    .         Spirit   .   (no helmet)
rElec    .         Reflect  .   (no cloak)
rCorr    .         Harm     .   (no gloves)
MR       .....                  (no boots)
Stlth    ++........             (no amulet)
HPRegen  0.14/turn              (no ring)
MPRegen  0.10/turn              (no ring)

@: no status effects
A: distributed training, fangs 1, strong nose
a: no special abilities


You were on level 3 of the Dungeon.
You were hungry.

You visited 1 branch of the dungeon, and saw 3 of its levels.

You collected 72 gold pieces.

Inventory:

Hand Weapons
 a - a +0 quarterstaff (weapon)
 b - a +1 dagger of venom
Armour
 d - a +0 scale mail (worn)
Wands
 c - a wand of enslavement (15)
Scrolls
 e - a scroll of teleportation {unknown}
 i - a scroll of immolation {unknown}
 j - 7 scrolls of identify {unknown}
 n - a scroll of noise {unknown}
Potions
 g - 2 potions of haste {unknown}
 k - 2 potions of curing
 l - a potion of ambrosia {unknown}
 m - a potion of agility {unknown}
 o - a potion of flight {unknown}
 p - a potion of invisibility {unknown}
Comestibles
 f - 3 rations
 h - 8 chunks of flesh


   Skills:
 + Level 4.8 Fighting
 + Level 1.4 Short Blades
 + Level 1.4 Long Blades
 + Level 1.4 Axes
 + Level 1.4 Maces & Flails
 + Level 1.4 Polearms
 + Level 4.8 Staves
 + Level 1.4 Slings
 + Level 1.4 Bows
 + Level 1.4 Crossbows
 + Level 1.4 Throwing
 + Level 4.8 Armour
 + Level 1.4 Dodging
 + Level 6.1 Stealth
 + Level 1.4 Shields
 + Level 1.4 Unarmed Combat
 + Level 1.4 Spellcasting
 + Level 1.1 Conjurations
 + Level 1.1 Hexes
 + Level 1.1 Charms
 + Level 1.1 Summonings
 + Level 1.1 Necromancy
 + Level 1.1 Translocations
 + Level 1.1 Transmutations
 + Level 1.1 Fire Magic
 + Level 1.1 Ice Magic
 + Level 1.1 Air Magic
 + Level 1.1 Earth Magic
 + Level 1.1 Poison Magic
 + Level 1.6 Invocations
 + Level 3.0 Evocations


You had 6 spell levels left.
You didn't know any spells.
Your spell library was empty.

Dungeon Overview and Level Annotations

Branches:
Dungeon (3/15)

Altars:

Annotations:
D:3 Grinder, Robin, Sigmund, Terence


Innate Abilities, Weirdness & Mutations

Your experience applies equally to all skills.
You have very sharp teeth.
Your uncanny sense of smell can sniff out nearby items.


Message History

Robin flexes a bicep menacingly.
You see here a kobold corpse.
Robin completely misses you.
Robin drinks a potion.
Robin goes berserk!
You hit Robin but do no damage. Robin closely misses you.
You hit Robin.
Robin is lightly wounded.
Robin hits you but does no damage. x2
You hit Robin.
Robin is lightly wounded.
Robin hits you with a +3 trident of pain!
You thump Robin!
Robin is heavily wounded.
Robin hits you with a +3 trident of pain!
* * * LOW HITPOINT WARNING * * *
Robin closely misses you. Robin closely misses you.
Robin rages.
Robin hits you with a +3 trident of pain!
You die...

#.# #..#.########. #.#
#.# #...........#. #.#
#.# ##.....####.#. #.#
#.# #......###.#. #.#
#.# #.......##.#. #.#
#.# ##......(#... #.#
#>######..........
#.###.........).......
#...g@...........#####
###############.## ###


You could see Robin (berserk).

Vanquished Creatures
  3 gnolls
  4 adders (D:2)
  3 oozes
  3 worms (D:2)
  2 dart slugs
  A leopard gecko (D:2)
  3 orcs
  2 ball pythons
  A giant cockroach (D:1)
  13 goblins
  9 hobgoblins
  4 jackals (D:2)
  9 kobolds
  A quokka (D:2)
  8 bats
  6 frilled lizards (D:1)
  4 rats
76 creatures vanquished.

Notes
Turn   | Place    | Note
-------+----------+-------------------------------------------
     0 | D:1      | XanderDroid the Gnoll Wanderer began the quest for the Orb.
     0 | D:1      | XanderDroid set off with the following items: a wand of
                  | enslavement (15), a potion of curing, a +0 quarterstaff, a
                  | +0 robe, a +0 dagger, a ration
     0 | D:1      | Reached XP level 1. HP: 20/20 MP: 2/2
    86 | D:1      | Reached XP level 2. HP: 22/26 MP: 3/3
   523 | D:1      | Reached XP level 3. HP: 31/31 MP: 4/4
   655 | D:1      | Reached skill level 6 in Stealth
   666 | D:1      | Reached skill level 1 in Invocations
   806 | D:2      | Reached skill level 1 in Short Blades
   806 | D:2      | Reached skill level 1 in Long Blades
   806 | D:2      | Reached skill level 1 in Axes
   806 | D:2      | Reached skill level 1 in Maces & Flails
   806 | D:2      | Reached skill level 1 in Polearms
   806 | D:2      | Reached skill level 1 in Slings
   806 | D:2      | Reached skill level 1 in Bows
   806 | D:2      | Reached skill level 1 in Crossbows
   806 | D:2      | Reached skill level 1 in Throwing
   806 | D:2      | Reached skill level 1 in Dodging
   806 | D:2      | Reached skill level 1 in Shields
   806 | D:2      | Reached skill level 1 in Unarmed Combat
   806 | D:2      | Reached skill level 1 in Spellcasting
   823 | D:2      | Reached XP level 4. HP: 19/38 MP: 6/6
  1351 | D:2      | Reached skill level 1 in Conjurations
  1351 | D:2      | Reached skill level 1 in Hexes
  1351 | D:2      | Reached skill level 1 in Charms
  1351 | D:2      | Reached skill level 1 in Summonings
  1351 | D:2      | Reached skill level 1 in Necromancy
  1351 | D:2      | Reached skill level 1 in Translocations
  1351 | D:2      | Reached skill level 1 in Transmutations
  1351 | D:2      | Reached skill level 1 in Fire Magic
  1351 | D:2      | Reached skill level 1 in Ice Magic
  1351 | D:2      | Reached skill level 1 in Air Magic
  1351 | D:2      | Reached skill level 1 in Earth Magic
  1351 | D:2      | Reached skill level 1 in Poison Magic
  1673 | D:2      | Reached XP level 5. HP: 43/43 MP: 7/7
  2002 | D:3      | Noticed Grinder
  2185 | D:3      | Noticed Terence
  2197 | D:3      | Paralysed by Grinder for 2 turns
  2362 | D:3      | Paralysed by Grinder for 3 turns
  2436 | D:3      | Noticed Sigmund
  2574 | D:3      | Noticed Robin
  2616 | D:3      | Slain by Robin

Vault maps used:
D:1:      shiori_angband_town, st_stairs_4, minmay_tetromino_l4
D:2:      item_on_display_a
D:3:      lemuel_doored_altar, uniq_terence, uniq_robin, uniq_grinder,
          uniq_crazy_yiuf_cottage, uniq_sigmund

Skill      XL: |  1  2  3  4  5 |
---------------+----------------+-----
Stealth        | 6 |  6.1
Invocations    | 1 |  1.6
Short Blades   | 1 |  1.4
Long Blades    | 1 |  1.4
Axes           | 1 |  1.4
Maces & Flails | 1 |  1.4
Polearms       | 1 |  1.4
Slings         | 1 |  1.4
Bows           | 1 |  1.4
Crossbows      | 1 |  1.4
Throwing       | 1 |  1.4
Dodging        | 1 |  1.4
Shields        | 1 |  1.4
Unarmed Combat | 1 |  1.4
Spellcasting   | 1 |  1.4
Conjurations   | 1 |  1.1
Hexes          | 1 |  1.1
Charms         | 1 |  1.1
Summonings     | 1 |  1.1
Necromancy     | 1 |  1.1
Translocations | 1 |  1.1
Transmutations | 1 |  1.1
Fire Magic     | 1 |  1.1
Ice Magic      | 1 |  1.1
Air Magic      | 1 |  1.1
Earth Magic    | 1 |  1.1
Poison Magic   | 1 |  1.1
Evocations     | 3 |  3.0
Fighting       | |  4.8
Staves         | |  4.8
Armour         | |  4.8

Action                   |  1- 3 |  4- 6 || total
-------------------------+-------+-------++-------
Melee: Quarterstaff      |    61 |   154 ||   215
       Bite              |     3 |    12 ||    15
 Stab: Sleeping          |     8 |     4 ||    12
  Eat: Chunk             |       |     5 ||     5
Armor: Robe              |     6 |       ||     6
       Scale mail        |     4 |    77 ||    81
Dodge: Dodged            |    27 |    98 ||   125

Table legend:
 A = Non-vault XP
 B = Vault XP
 C = Vault XP percentage of total XP
 D = Non-vault monster count
 E = Vault monster count
 F = Vault count percentage of total count
                 A         B        C        D         E       F
            +---------+---------+-------+---------+---------+-------
      Total |     212 |      27 |  11.3 |      60 |      16 |  21.1
            +---------+---------+-------+---------+---------+-------
        D:1 |      56 |       9 |  13.8 |      19 |       6 |  24.0
        D:2 |     139 |       0 |   0.0 |      34 |       0 |   0.0
        D:3 |      17 |      18 |  51.4 |       7 |      10 |  58.8
            +---------+---------+-------+---------+---------+-------
